 Seeded DCSS version 0.27-a0-95-g5a9077b8ae (webtiles) character file.

Game seed: 20210109 (custom seed)

4526 muata the Fighter (level 10, 0/88 HPs)
             Began as a Black Draconian Conjurer on Jan 9, 2021.
             Slain by Harold
             ... wielding a +0 halberd
              (17 damage)
             ... on level 8 of the Dungeon on Jan 18, 2021.
             The game lasted 01:18:28 (9302 turns).

muata the Fighter (Black Draconian Conjurer)        Turns: 9302, Time: 01:18:29

Health: 0/88       AC: 13    Str: 11    XL:     10   Next: 17%
Magic:  17/20      EV: 12    Int: 27    God:
Gold:   563        SH:  0    Dex:  9    Spells: 11/23 levels left

rFire    . . .     SeeInvis .   J - +1 mace (protect)
rCold    . . .     Faith    .   (no shield)
rNeg     . . .     Spirit   .   (armour unavailable)
rPois    .         Reflect  .   (helmet restricted)
rElec    +         Harm     .   Q - +2 cloak
rCorr    +         Rampage  .   t - +2 pair of gloves
Will     .....                  (no boots)
Stlth    ++........             l - amulet of magic regeneration
HPRegen  0.24/turn              v - ring of resist corrosion
MPRegen  0.42/turn              k - +6 ring of intelligence

@: marked, studying Shields
A: breathe lightning, unfitting armour, electricity resistance, cold-blooded, AC
+7
a: Breathe Lightning


You were on level 8 of the Dungeon.
You visited 1 branch of the dungeon, and saw 8 of its levels.
You also visited: Ossuary.

You collected 563 gold pieces.

Inventory:

Hand Weapons
 h - a +0 spear
 J - a +1 mace of protection (weapon)
 P - a +4 quarterstaff of chaos
Armour
 t - a +2 pair of gloves (worn)
 z - a scarf of resistance
 Q - a +2 cloak (worn)
Jewellery
 c - an uncursed ring of protection from cold
 k - a +6 ring of intelligence (right hand)
 l - an amulet of magic regeneration (around neck)
 u - an uncursed ring of protection from fire
 v - a ring of resist corrosion (left hand)
 F - an uncursed amulet of regeneration
Wands
 y - a wand of disintegration (21)
 A - a wand of polymorph (4)
 C - a wand of random effects (25) (quivered)
 G - a wand of flame (31)
Scrolls
 a - 9 scrolls of remove curse
 d - 5 scrolls of identify
 f - 4 scrolls of enchant armour
 g - 3 scrolls of amnesia
 j - 3 scrolls of teleportation {unknown}
 n - 2 scrolls of blinking {unknown}
 o - 3 scrolls of magic mapping {unknown}
 r - 2 scrolls of enchant weapon {unknown}
 s - 2 scrolls of silence {unknown}
 H - a scroll of fear {unknown}
 I - a scroll of vulnerability {unknown}
 N - a scroll of noise {unknown}
 O - a scroll of immolation {unknown}
Potions
 b - 4 potions of curing
 e - a potion of brilliance {unknown}
 i - a potion of attraction {unknown}
 m - 7 potions of might
 p - a potion of heal wounds
 q - 3 potions of degeneration {unknown}
 w - 5 potions of berserk rage
 x - 5 potions of lignification
 B - 2 potions of cancellation {unknown}
 D - 5 potions of flight
 E - a potion of resistance {unknown}
 L - a potion of mutation {unknown}
 M - 2 potions of haste {unknown}
Books
 K - a manual of Shields


   Skills:
 - Level 8.2 Fighting
 - Level 6.1(6.4) Polearms
 + Level 2.4(4.6) Staves
 - Level 1.7 Dodging
 - Level 1.7 Stealth
 + Level 0.3 Shields
 + Level 7.3 Spellcasting
 - Level 7.0 Conjurations
 + Level 4.4 Hexes


You had 11 spell levels left.
You knew the following spells:

 Your Spells              Type           Power        Failure   Level
a - Magic Dart            Conj           100%         1%          1
b - Searing Ray           Conj           94%          1%          2
c - Dazzling Flash        Conj/Hex       80%          1%          3
d - Corona                Hex            36%          1%          1
e - Ensorcelled Hibernat  Hex/Ice        42%          3%          2
f - Tukima's Dance        Hex            33%          2%          3

Your spell library contained the following spells:

 Spells                   Type           Power        Failure   Level
 Confusing Touch          Hex            33%          2%          3
 Fulminant Prism          Conj/Hex       20%          5%          4
 Animate Skeleton         Necr           18%          6%          1
 Pain                     Necr           36%          6%          1
 Iskenderun's Mystic Bla  Conj/Tloc      28%          14%         4
 Vampiric Draining        Necr           4%           17%         3
 Animate Dead             Necr           4%           50%         4
 Agony                    Necr           9%           85%         5


Dungeon Overview and Level Annotations

Branches:
Dungeon (8/15)             Temple (0/1) D:4         Ossuary (visited)
   Lair: D:8-11

Altars:
Cheibriados
Nemelex Xobeh
Xom
Zin
The Shining One

Annotations:
D:8 Harold


Innate Abilities, Weirdness & Mutations

You can breathe wild blasts of lightning.
Your glossy black scales are hard. (AC +7)
You cannot fit into any form of body armour.
You are resistant to electric shocks. (rElec)
You are cold-blooded and may be slowed by cold attacks.


Message History

Harold points at you and mumbles some strange words.
The mark upon you grows brighter.
You struggle against the net.
Harold casts a spell at you. The mark upon you grows brighter.
You rip the net and break free!
You see here a throwing net.
There is a stone staircase leading up here.
Harold fires a harpoon shot at you. The harpoon shot hits you!
* * * LOW HITPOINT WARNING * * *
You stop ascending the stairs.
You are yanked forward by the harpoon shot.
The adder closely misses you.
Harold hits you from afar with a +0 halberd!
* * * LOW HITPOINT WARNING * * *
There is a stone staircase leading up, spattered with blood here.
The adder bites you but does no damage.
Harold hits you from afar with a +0 halberd!
You die...

#.... ####.#####
#.... #.#
#....### #.#
#....'.# #.#
#.....#.####.#
.......#......#
......##.o@####
### .....##.##S#
#.#########.##@#
##)..###.##.##.#
##.........##.#
######.#####.#
#.......#
#########


You could see Harold, an orc warrior and an adder.

Vanquished Creatures
  Pikel (D:3)
  Grinder (D:4)
  A wyvern (D:8)
  Eustachio (D:6)
  Duvessa (D:4)
  2 orc warriors (D:8)
  3 sky beasts
  2 ogres
  3 ice beasts
  2 phantoms (D:5)
  2 centaurs
  2 lemures (D:3)
  A wolf (D:8)
  A big kobold (D:3)
  2 elf zombies (D:6)
  2 bullfrogs (D:7)
  A gnoll sergeant (D:6)
  Dowan (D:4)
  2 elf skeletons (D:6)
  2 water moccasin zombies (Ossuary)
  2 howler monkeys
  A human zombie (D:6)
  2 hounds
  A jelly (D:5)
  3 orc priests
  Crazy Yiuf (D:7)
  A bullfrog skeleton (D:3)
  7 orc wizards
  Terence (D:2)
  A human skeleton (D:6)
  3 worker ants
  Natasha (thrice) (D:4)
  2 iguanas
  A big kobold zombie (Ossuary)
  2 mummies (Ossuary)
  12 gnolls
  A howler monkey skeleton (D:6)
  10 adders
  3 white imps
  An ufetubus (D:7)
  6 adder zombies (Ossuary)
  2 adder skeletons
  3 worms
  A dart slug (D:3)
  An adder simulacrum (D:8)
  3 leopard geckos
  18 orcs
  7 bats
  7 giant cockroaches
  4 gnoll zombies (Ossuary)
  36 goblins
  23 hobgoblins
  9 jackals
  8 kobolds
  3 quokkas
  4 ball pythons
  7 frilled lizards
  3 hobgoblin zombies (Ossuary)
  A jackal skeleton (D:5)
  4 kobold zombies (Ossuary)
  6 orc zombies (Ossuary)
  9 rats
256 creatures vanquished.

Vanquished Creatures (collateral kills)
  Maggie (D:7)
  An orc (D:8)
2 creatures vanquished.

Grand Total: 258 creatures vanquished

Notes
Turn   | Place    | Note
-------+----------+-------------------------------------------
     0 | D:1      | muata the Draconian Conjurer began the quest for the Orb.
     0 | D:1      | Reached XP level 1. HP: 14/14 MP: 3/3
   484 | D:1      | Reached XP level 2. HP: 22/22 MP: 1/5
   590 | D:1      | Reached skill level 1 in Fighting
   671 | D:1      | Learned a level 2 spell: Searing Ray
  1213 | D:2      | Reached XP level 3. HP: 28/28 MP: 0/6
  1441 | D:2      | Found a glowing silver altar of Zin.
  1688 | D:2      | Noticed Terence
  1694 | D:2      | Killed Terence
  1695 | D:2      | Reached skill level 2 in Fighting
  1695 | D:2      | Reached skill level 1 in Polearms
  1695 | D:2      | Reached XP level 4. HP: 36/36 MP: 1/8
  2337 | D:3      | Reached XP level 5. HP: 42/42 MP: 4/9
  2704 | D:3      | Reached skill level 5 in Conjurations
  2939 | D:3      | Upgraded the game from 0.27-a0-65-gfb268537a3 to
                  | 0.27-a0-67-g4bfc8a49e1
  2953 | D:3      | Reached skill level 3 in Fighting
  3211 | D:3      | Reached XP level 6. HP: 51/51 MP: 6/11
  3809 | D:4      | Noticed Natasha
  3809 | D:4      | Noticed Pikel
  4158 | D:3      | Killed Pikel
  4159 | D:3      | Reached skill level 4 in Fighting
  4159 | D:3      | Your scales start taking on a glossy black colour.
  4159 | D:3      | Reached XP level 7. HP: 31/60 MP: 3/13
  4159 | D:3      | Gained mutation: You are resistant to electric shocks.
                  | (rElec) [Black Draconian growth]
  4314 | D:4      | Killed Natasha
  4342 | D:4      | Reached XP level 8. HP: 59/67 MP: 12/15
  4407 | D:4      | Noticed Duvessa
  4416 | D:4      | Noticed Dowan
  4421 | D:4      | Killed Duvessa
  4422 | D:4      | Reached skill level 5 in Fighting
  4434 | D:4      | Killed Dowan
  4599 | D:4      | Upgraded the game from 0.27-a0-67-g4bfc8a49e1 to
                  | 0.27-a0-93-g19769c27d7
  4610 | D:4      | Noticed Natasha
  4613 | D:4      | Killed Natasha
  4614 | D:4      | Reached skill level 5 in Spellcasting
  4735 | D:4      | Noticed Grinder
  4744 | D:4      | Killed Grinder
  4806 | D:4      | Found a staircase to the Ecumenical Temple.
  5025 | D:4      | Noticed Natasha
  5029 | D:4      | Killed Natasha
  5130 | D:4      | Learned a level 3 spell: Dazzling Flash
  5131 | D:5      | Entered Level 5 of the Dungeon
  5166 | D:5      | Found a glowing golden altar of the Shining One.
  5244 | D:5      | Reached skill level 5 in Polearms
  5508 | D:5      | Reached skill level 6 in Fighting
  5919 | D:5      | Reached skill level 1 in Hexes
  6131 | D:5      | Reached XP level 9. HP: 75/77 MP: 15/17
  6539 | D:6      | Found a snail-covered altar of Cheibriados.
  6811 | D:6      | Noticed Eustachio
  6820 | D:6      | Killed Eustachio
  6857 | D:6      | Found a sand-covered staircase.
  6863 | D:6      | Reached skill level 7 in Fighting
  6875 | Ossuary  | Entered an ossuary
  7231 | D:6      | Learned a level 1 spell: Corona
  7234 | D:6      | Learned a level 2 spell: Ensorcelled Hibernation
  7456 | D:6      | Found a shimmering blue altar of Sif Muna.
  7459 | D:6      | Found a shimmering altar of Xom.
  7459 | D:6      | Found a shimmering altar of Xom.
  7461 | D:6      | Found a glowing golden altar of the Shining One.
  7461 | D:6      | Found a stormy altar of Qazlal.
  7461 | D:6      | Found a basalt altar of Yredelemnul.
  7574 | D:6      | Learned a level 3 spell: Tukima's Dance
  7578 | D:7      | Noticed Maggie
  7592 | D:7      | Killed Maggie
  7947 | D:7      | Found a runed translucent door.
  7948 | D:7      | Noticed Crazy Yiuf
  7952 | D:7      | Killed Crazy Yiuf
  8137 | D:7      | Found a sparkling altar of Nemelex Xobeh.
  8257 | D:7      | Reached skill level 1 in Staves
  8655 | D:8      | Reached skill level 8 in Fighting
  8655 | D:8      | Reached XP level 10. HP: 62/88 MP: 20/20
  9236 | D:8      | Noticed Harold
  9253 | D:8      | Got a shimmering hunting sling
  9262 | D:8      | Upgraded the game from 0.27-a0-93-g19769c27d7 to
                  | 0.27-a0-95-g5a9077b8ae
  9302 | D:8      | Slain by Harold

Illustrated notes

Levels and vault maps discovered:
D:1:      dpeg_arrival_ternary, layout_rooms
D:2:      cheibrodos_helix_gallery, layout_basic, lemuel_round_altar,
          uniq_terence
D:3:      minmay_goblin_kobold_castle, layout_loops_ring
D:4:      layout_rooms, minmay_temple_entry_antechambers, uniq_duvessa,
          uniq_natasha, uniq_pikel, uniq_grinder
D:5:      layout_cave_pods, nicolae_tso_carved_into_rock,
          minmay_manual_macuahuitl
D:6:      layout_rooms, lemuel_crystal_altar, doesnt_xom_only_xom,
          nicolae_ossuary_entry_catacombs, uniq_eustachio
D:7:      layout_rooms, nemelex_altar_shiori, minmay_misc_feat_tiny,
          uniq_crazy_yiuf_cottage, uniq_maggie
D:8:      layout_loops_cross, serial_ice, serial_ice_a, serial_ice_h,
          serial_ice_l, serial_ice_g, kennysheep_potato, uniq_harold

Skill      XL: |  1  2  3  4  5  6  7  8  9 10 |
---------------+-------------------------------+-----
Fighting       | 1 2 3 4 6 8 |  8.2
Polearms       | 1 2 3 4 5 6 |  6.1
Spellcasting   | 3 4 5 7 |  7.3
Conjurations   | 5 6 7 |  7.0
Hexes          | 1 4 |  4.4
Staves         | 1 2 |  2.4
Dodging        | |  1.7
Stealth        | |  1.7
Shields        | |  0.3

Action                   |  1- 3 |  4- 6 |  7- 9 | 10-12 || total
-------------------------+-------+-------+-------+-------++-------
Melee: Unarmed           |    29 |       |       |       ||    29
       Tailslap          |     4 |     1 |    21 |     1 ||    27
       Spear             |    26 |    57 |   127 |       ||   210
       Mace              |       |       |    28 |    15 ||    43
 Cast: Magic Dart        |    58 |   193 |   254 |    43 ||   548
       Searing Ray       |     4 |     9 |    21 |     7 ||    41
       Corona            |       |       |     5 |       ||     5
       Tukima's Dance    |       |       |     4 |     1 ||     5
       Dazzling Flash    |       |       |     1 |     2 ||     3
 Abil: Breathe Lightning |       |       |    16 |     4 ||    20
Evoke: Wand              |       |       |     2 |       ||     2
  Use: Scroll            |       |       |    11 |       ||    11
       Potion            |       |       |       |     2 ||     2
Armor: Skin              |    25 |    47 |   134 |    25 ||   231
Dodge: Dodged            |    53 |   104 |   144 |    32 ||   333

Table legend: (Time is in decaauts)
 A = Elapsed time spent in this place.
 B = Non-inter-level travel time spent in this place.
 C = Inter-level travel time spent in this place.
 D = Time resting spent in this place.
 E = Time spent auto-exploring this place.
 F = Levels seen in this place.
 G = Mean time per level.
                   A        B        C        D        E       F      G
               +--------+--------+--------+--------+--------+-----+--------+
         Total |   9324 |   8915 |    409 |   2235 |   4125 |   9 | 1036.0 |
       Dungeon |   8981 |   8572 |    409 |   2070 |   4125 |   8 | 1122.6 |
       Ossuary |    342 |    342 |      0 |    165 |      0 |   1 |  342.0 |
               +--------+--------+--------+--------+--------+-----+--------+

Top non-repeatable levels by time:
     D:3: 2201 daAuts
     D:7: 1288 daAuts
     D:5: 1256 daAuts
     D:2: 1157 daAuts
     D:1: 964 daAuts
     D:4: 907 daAuts
     D:6: 751 daAuts
     D:8: 455 daAuts
 Ossuary: 342 daAuts
